 Dungeon Crawl Stone Soup version 0.30-a0-652-gcc886f7154 (webtiles) character file.

Game seed: 5472002305922705002

55 wormed the Grasshopper (level 3, -2/30 HPs)
             Began as a Draconian Warper on Jan 17, 2023.
             Killed from afar by an orc wizard (4 damage)
             ... with a puff of flame
             ... on level 3 of the Dungeon.
             The game lasted 00:02:18 (1860 turns).

wormed the Grasshopper (Draconian Warper)           Turns: 1860, Time: 00:02:18

Health: -2/30      AC:  5    Str: 13    XL:     3   Next: 67%
Magic:  6/6        EV: 12    Int: 15    God:
Gold:   144        SH:  0    Dex: 10    Spells: 7/7 levels left

rFire   . . .      SeeInvis .      - Unarmed
rCold   . . .      Faith    .    (no shield)
rNeg    + . .      Spirit   .    (body armour unavailable)
rPois   .          Reflect  .    (helmet restricted)
rElec   .          Harm     .    (no cloak)
rCorr   .          Rampage  .    (no gloves)
Will    .....                    (no boots)
Stlth   +                        (no amulet)
HPRegen 0.25/turn                g - ring of positive energy
MPRegen 0.10/turn                (no ring)

@: no status effects
A: AC +5, unfitting armour, cold-blooded
a: no special abilities


You were on level 3 of the Dungeon.
You visited 1 branch of the dungeon, and saw 3 of its levels.

You collected 144 gold pieces.

Inventory:

Jewellery
 g - a ring of positive energy (left hand)
Scrolls
 a - a scroll of blinking
 e - a scroll of enchant weapon
 k - 2 scrolls of enchant armour {unknown}
 l - a scroll of identify {unknown}
Potions
 b - a potion of curing {unknown}
 c - a potion of invisibility {unknown}
 d - a potion of heal wounds
 f - a potion of attraction {unknown}
 h - 3 potions of mutation {unknown}
 i - 2 potions of ambrosia {unknown}
 j - a potion of lignification {unknown}


   Skills:
 + Level 2.9 Fighting
 - Level 0.8 Throwing
 + Level 2.7 Dodging
 + Level 2.6 Unarmed Combat
 + Level 2.5 Spellcasting
 - Level 3.0 Translocations


You had 7 spell levels left.
You didn't know any spells.
Your spell library contained the following spells:

 Spells                   Type           Power      Damage    Failure   Level
 Blink                    Tloc           20%        N/A       10%         2
 Lesser Beckoning         Tloc           20%        N/A       10%         2
 Teleport Other           Tloc           10%        N/A       19%         3
 Sting                    Tmut/Pois      4%         1d3       22%         1
 Poisonous Vapours        Pois/Air       2%         N/A       32%         2
 Vhi's Electric Charge    Tloc/Air       12%        N/A       34%         3
 Manifold Assault         Tloc           10%        N/A       52%         4
 Olgreb's Toxic Radiance  Pois           1%         N/A       91%         4
 Summon Forest            Summ/Tloc      3%         N/A       97%         5
 Summon Mana Viper        Hex/Summ       1%         N/A       99%         5
 Summon Cactus Giant      Summ           0%         N/A       100%        6


Dungeon Overview and Level Annotations

Branches:
Dungeon (3/15)

Altars:

Annotations:
D:2 Jessica


Innate Abilities, Weirdness & Mutations

Your plain brown scales are hard. (AC +5)
You cannot fit into any form of body armour.
You are cold-blooded and may be slowed by cold attacks.


Message History

You hit the orc but do no damage. You hit the orc.
Your tail-slap misses the orc.
The orc is moderately wounded.
The orc closely misses you.
You closely miss the orc.
Your tail-slap misses the orc.
The orc is moderately wounded.
The orc completely misses you.
You barely miss the orc.
The orc is moderately wounded.
The orc barely misses you.
You hit the orc. You tail-slap the orc.
You kill the orc!
You hit something but do no damage. Something hits you but does no damage.
You closely miss something. Something hits you but does no damage.
You miss something. Something hits you.
You closely miss something. Your punch misses something.
You hear some strange, mumbled words.
A magic dart appears from out of thin air!
The magic dart hits you.
You hit something. Something hits you but does no damage.
You miss something.
A hound comes into view.
Something hits you but does no damage.
You barely miss something.
The hound barks!
Something hits you but does no damage.
You closely miss something.
You hear some strange, mumbled words.
A puff of flame appears from out of thin air!
The puff of flame hits you!
* * * LOW HITPOINT WARNING * * *
You miss something. Something hits you but does no damage.
You barely miss something. Something hits you.
* * * LOW HITPOINT WARNING * * *
You hit something but do no damage. Something hits you but does no damage.
You miss something.
Your tail-slap misses something.
You hear some strange, mumbled words.
A puff of flame appears from out of thin air!
The puff of flame hits you.
You die...

..................+
.....###........###
##...# #.##.#.#.#
###### #........#
####.##### #.# #.#
#.###########
#.....@{oo..#.##
#########h.....#
#.....>..#
#........#
#.....##.# #.....#
. #####.# .# .#


You could see a hound and 2 orcs.

Vanquished Creatures
  A worm (D:2)
  4 dart slugs
  An orc (D:3)
  3 endoplasms
  2 giant cockroaches
  4 goblins
  4 hobgoblins (D:1)
  3 jackals (D:1)
  3 quokkas (D:1)
  2 ball pythons
  5 bats (D:1)
  A frilled lizard (D:1)
  2 kobolds
  3 rats (D:1)
38 creatures vanquished.

Vanquished Creatures (others)
  An orc (D:3)
1 creature vanquished.

Grand Total: 39 creatures vanquished

Notes
Turn   | Place    | Note
-------+----------+-------------------------------------------
     0 | D:1      | wormed the Draconian Warper began the quest for the Orb.
     0 | D:1      | Reached XP level 1. HP: 17/17 MP: 3/3
   261 | D:1      | Reached XP level 2. HP: 25/25 MP: 5/5
   617 | D:1      | Reached XP level 3. HP: 27/30 MP: 6/6
   999 | D:2      | Noticed Jessica
  1165 | D:2      | HP: 1/30 [worm (8)]
  1860 | D:3      | Killed from afar by an orc wizard

Illustrated notes

Levels and vault maps discovered:
D:1:      psy_arrival_basics, layout_basic, minmay_ruptured
D:2:      layout_loops_cross, serial_glass, glass_columns_a, glass_columns_b,
          feat_on_display, minmay_strange_pillars, uniq_jessica
D:3:      layout_loops_corners

Action                   || total
-------------------------++-------
Melee: Unarmed           ||   190
       Tailslap          ||    25
       Punch             ||     5
  Use: Scroll            ||     1
       Potion            ||     1
 Stab: Sleeping          ||     2
Armor: Skin              ||    59
Dodge: Dodged            ||   121

Table legend: (Time is in decaauts)
 A = Elapsed time spent in this place.
 B = Non-inter-level travel time spent in this place.
 C = Inter-level travel time spent in this place.
 D = Time resting spent in this place.
 E = Time spent auto-exploring this place.
 F = Levels seen in this place.
 G = Mean time per level.
                   A        B        C        D        E       F      G
               +--------+--------+--------+--------+--------+-----+--------+
         Total |   1851 |   1732 |    119 |      0 |   1383 |   3 |  617.0 |
       Dungeon |   1851 |   1732 |    119 |      0 |   1383 |   3 |  617.0 |
               +--------+--------+--------+--------+--------+-----+--------+

Top non-repeatable levels by time:
     D:1: 1046 daAuts
     D:2: 707 daAuts
     D:3: 98 daAuts
